2983 views
Uploaded 2020-03-10 19:57:38
Game version 1.32.2
18:19 long 3on3 ladder game on (6)TimbermawHold
Saved by BEARAND
2983 views
Uploaded 2020-03-10 19:57:38
Game version 1.32.2
18:19 long 3on3 ladder game on (6)TimbermawHold


61 units @ 5.1k
/ 0.2k
154 buildings @ 9.7k
/ 4.8k



| Lesser Clarity Potion | 1 | 70 |
| Staff of Sanctuary | 2 | 500 |
| Staff of Teleportation | 1 | 150 |
| Boots of Speed | 2 | 500 |
| Healing Salve | 2 | 200 |
| Orb of Lightning | 2 | 750 |
| total: | 10 | 2170g |
| Peasant | 18 | 1350 | / | 0 |
| Priest | 1 | 135 | / | 10 |
| Dragonhawk Rider | 2 | 400 | / | 60 |
| total: | 21 | 1885g | / | 70w |
| Scout Tower | 57 | 1710 | / | 1140 |
| Arcane Tower | 5 | 350 | / | 250 |
| Guard Tower | 38 | 2660 | / | 1900 |
| Altar of Kings | 1 | 180 | / | 50 |
| Farm | 5 | 400 | / | 100 |
| Lumber Mill | 1 | 120 | / | 0 |
| Town Hall | 1 | 385 | / | 205 |
| Arcane Vault | 2 | 260 | / | 60 |
| Blacksmith | 1 | 140 | / | 60 |
| Barracks | 1 | 160 | / | 60 |
| Arcane Sanctum | 1 | 150 | / | 140 |
| Gryphon Aviary | 2 | 280 | / | 300 |
| Keep | 1 | 320 | / | 210 |
| Castle | 1 | 360 | / | 210 |
| total: | 72 | 3785g | / | 2115w |
| 0:01 | Peasant |
| 0:01 | Peasant |
| 0:10 | Altar of Kings |
| 0:12 | Peasant |
| 0:19 | Farm |
| 0:20 | Peasant |
| 0:33 | Lumber Mill |
| 0:37 | Peasant |
| 0:50 | Peasant |
| 1:10 | Peasant |
| 1:21 | Scout Tower |
| 1:24 | Farm |
| 1:26 | Peasant |
| 1:30 | Scout Tower |
| 1:42 | Scout Tower |
| 1:43 | Scout Tower |
| 1:44 | Peasant |
| 1:48 | Arcane Tower |
| 1:55 | Peasant |
| 2:04 | Guard Tower |
| 2:09 | Blizzard |
| 2:13 | Guard Tower |
| 2:16 | Scout Tower |
| 2:29 | Guard Tower |
| 2:55 | Guard Tower |
| 3:21 | Scout Tower |
| 3:21 | Keep |
| 3:24 | Scout Tower |
| 3:44 | Farm |
| 3:45 | Farm |
| 3:54 | Staff of Teleportation |
| 3:54 | Boots of Speed |
| 4:12 | Healing Salve |
| 4:17 | Guard Tower |
| 4:19 | Scout Tower |
| 4:20 | Scout Tower |
| 4:21 | Improved Masonry |
| 5:02 | Town Hall |
| 5:09 | Scout Tower |
| 5:10 | Scout Tower |
| 5:10 | Scout Tower |
| 5:10 | Scout Tower |
| 5:12 | Scout Tower |
| 5:12 | Scout Tower |
| 5:13 | Scout Tower |
| 5:14 | Scout Tower |
| 5:34 | Brilliance Aura |
| 5:47 | Guard Tower |
| 6:08 | Guard Tower |
| 6:09 | Guard Tower |
| 6:14 | Guard Tower |
| 6:14 | Guard Tower |
| 6:19 | Peasant |
| 6:28 | Peasant |
| 6:28 | Peasant |
| 6:37 | Guard Tower |
| 6:55 | Storm Bolt |
| 7:00 | Guard Tower |
| 7:01 | Peasant |
| 7:04 | Guard Tower |
| 7:05 | Scout Tower |
| 7:06 | Scout Tower |
| 7:29 | Boots of Speed |
| 8:06 | Guard Tower |
| 8:08 | Scout Tower |
| 8:09 | Scout Tower |
| 8:09 | Scout Tower |
| 8:23 | Castle |
| 8:57 | Guard Tower |
| 8:59 | Scout Tower |
| 8:59 | Scout Tower |
| 9:00 | Scout Tower |
| 9:00 | Scout Tower |
| 9:01 | Scout Tower |
| 9:02 | Scout Tower |
| 9:24 | Guard Tower |
| 9:33 | Guard Tower |
| 9:35 | Scout Tower |
| 9:36 | Scout Tower |
| 9:38 | Advanced Masonry |
| 9:40 | Farm |
| 9:51 | Arcane Vault |
| 9:53 | Arcane Vault |
| 9:54 | Guard Tower |
| 10:21 | Guard Tower |
| 10:23 | Improved Lumber Harvesting |
| 10:33 | Scout Tower |
| 10:34 | Scout Tower |
| 10:35 | Scout Tower |
| 10:35 | Scout Tower |
| 10:35 | Scout Tower |
| 10:36 | Scout Tower |
| 10:36 | Scout Tower |
| 10:37 | Scout Tower |
| 10:37 | Scout Tower |
| 10:38 | Scout Tower |
| 10:39 | Scout Tower |
| 10:39 | Scout Tower |
| 10:45 | Guard Tower |
| 10:47 | Scout Tower |
| 10:47 | Scout Tower |
| 10:49 | Scout Tower |
| 10:54 | Peasant |
| 10:54 | Peasant |
| 10:54 | Peasant |
| 10:54 | Peasant |
| 11:15 | Guard Tower |
| 11:18 | Bash |
| 11:19 | Blizzard |
| 12:14 | Guard Tower |
| 12:18 | Advanced Lumber Harvesting |
| 12:25 | Guard Tower |
| 12:25 | Guard Tower |
| 12:38 | Imbued Masonry |
| 12:53 | Guard Tower |
| 13:18 | Guard Tower |
| 13:20 | Scout Tower |
| 13:21 | Scout Tower |
| 13:22 | Scout Tower |
| 13:23 | Scout Tower |
| 13:23 | Scout Tower |
| 13:27 | Arcane Sanctum |
| 13:29 | Scout Tower |
| 13:29 | Scout Tower |
| 13:31 | Scout Tower |
| 13:34 | Healing Salve |
| 13:38 | Lesser Clarity Potion |
| 13:47 | Orb of Lightning |
| 13:50 | Orb of Lightning |
| 13:54 | Holy Light |
| 13:56 | Staff of Sanctuary |
| 13:59 | Staff of Sanctuary |
| 14:26 | Arcane Tower |
| 14:34 | Guard Tower |
| 15:05 | Arcane Tower |
| 15:09 | Arcane Tower |
| 15:11 | Magic Sentry |
| 15:12 | Priest |
| 15:56 | Gryphon Aviary |
| 15:57 | Gryphon Aviary |
| 16:08 | Blacksmith |
| 16:09 | Barracks |
| 16:27 | Storm Bolt |
| 16:46 | Scout Tower |
| 16:47 | Scout Tower |
| 16:47 | Scout Tower |
| 16:47 | Scout Tower |
| 17:01 | Arcane Tower |
| 17:16 | Dragonhawk Rider |
| 17:17 | Dragonhawk Rider |
| 17:48 | Divine Shield |
| 18:02 | Brilliance Aura |
| Right click | 1777 |
| Select | 417 |
| Select group | 331 |
| Build/train/purchase | 103 |
| Chat | 70 |
| Use ability | 48 |
| Assign group | 12 |
| Minimap ping | 5 |
| Misc. action | 4 |
| Item give/drop | 1 |
| Remove unit | 1 |


| Healing Salve | 1 | 100 |
| Lesser Clarity Potion | 3 | 210 |
| Orb of Lightning | 2 | 750 |
| Circlet of Nobility | 2 | 350 |
| Staff of Teleportation | 2 | 300 |
| Boots of Speed | 2 | 500 |
| Staff of Sanctuary | 2 | 500 |
| total: | 14 | 2710g |
| Peon | 14 | 1050 | / | 0 |
| Troll Batrider | 2 | 320 | / | 80 |
| total: | 16 | 1370g | / | 80w |
| Altar of Storms | 1 | 180 | / | 50 |
| Orc Burrow | 4 | 640 | / | 160 |
| Voodoo Lounge | 4 | 520 | / | 120 |
| War Mill | 1 | 205 | / | 0 |
| Great Hall | 1 | 385 | / | 185 |
| Beastiary | 2 | 290 | / | 280 |
| Stronghold | 1 | 315 | / | 190 |
| Fortress | 1 | 325 | / | 190 |
| total: | 13 | 2220g | / | 795w |
| 0:03 | Peon |
| 0:04 | Peon |
| 0:06 | Altar of Storms |
| 0:09 | Peon |
| 0:16 | Orc Burrow |
| 0:24 | Peon |
| 0:39 | Peon |
| 0:54 | Peon |
| 1:04 | Peon |
| 1:23 | Voodoo Lounge |
| 1:26 | Peon |
| 1:27 | Peon |
| 1:53 | Peon |
| 2:04 | Orc Burrow |
| 2:08 | Wind Walk |
| 2:56 | Voodoo Lounge |
| 3:00 | Peon |
| 3:01 | Peon |
| 3:01 | Peon |
| 3:01 | Peon |
| 4:01 | Stronghold |
| 4:22 | Circlet of Nobility |
| 4:22 | Staff of Teleportation |
| 4:22 | Boots of Speed |
| 4:38 | Healing Salve |
| 4:38 | Lesser Clarity Potion |
| 6:15 | Lesser Clarity Potion |
| 6:56 | Fortress |
| 7:26 | Hex |
| 7:50 | Critical Strike |
| 9:05 | Voodoo Lounge |
| 9:07 | Voodoo Lounge |
| 9:43 | Lesser Clarity Potion |
| 9:43 | Orb of Lightning |
| 9:50 | War Mill |
| 9:52 | Beastiary |
| 9:56 | Beastiary |
| 10:19 | Circlet of Nobility |
| 10:19 | Boots of Speed |
| 10:20 | Staff of Teleportation |
| 10:46 | Healing Wave |
| 12:05 | Wind Walk |
| 13:07 | Liquid Fire |
| 13:09 | Orc Burrow |
| 13:09 | Orc Burrow |
| 14:59 | Staff of Sanctuary |
| 15:02 | Orb of Lightning |
| 15:05 | Staff of Sanctuary |
| 15:22 | Great Hall |
| 15:41 | Troll Batrider |
| 15:41 | Troll Batrider |
| 16:23 | Healing Wave |
| Right click | 1265 |
| Select group | 567 |
| Resource trade | 109 |
| Select | 92 |
| Build/train/purchase | 67 |
| Use ability | 31 |
| Misc. action | 22 |
| Minimap ping | 14 |
| Assign group | 7 |
| Item give/drop | 4 |
| Chat | 4 |



| Staff of Sanctuary | 2 | 500 |
| Orb of Fire | 3 | 975 |
| Boots of Speed | 3 | 750 |
| Staff of Teleportation | 3 | 450 |
| Circlet of Nobility | 2 | 350 |
| total: | 13 | 3025g |
| Peasant | 23 | 1725 | / | 0 |
| Priest | 1 | 135 | / | 10 |
| total: | 24 | 1860g | / | 10w |
| Scout Tower | 57 | 1710 | / | 1140 |
| Arcane Tower | 7 | 490 | / | 350 |
| Guard Tower | 27 | 1890 | / | 1350 |
| Altar of Kings | 1 | 180 | / | 50 |
| Lumber Mill | 1 | 120 | / | 0 |
| Farm | 3 | 240 | / | 60 |
| Arcane Vault | 4 | 520 | / | 120 |
| Town Hall | 2 | 770 | / | 410 |
| Arcane Sanctum | 1 | 150 | / | 140 |
| Keep | 2 | 640 | / | 420 |
| Castle | 1 | 360 | / | 210 |
| total: | 69 | 3690g | / | 1920w |
| 0:01 | Peasant |
| 0:03 | Altar of Kings |
| 0:19 | Lumber Mill |
| 0:20 | Peasant |
| 0:21 | Peasant |
| 0:28 | Farm |
| 0:31 | Peasant |
| 0:43 | Peasant |
| 0:59 | Peasant |
| 1:01 | Farm |
| 1:19 | Peasant |
| 1:25 | Scout Tower |
| 1:26 | Scout Tower |
| 1:27 | Peasant |
| 1:33 | Improved Masonry |
| 1:33 | Advanced Masonry |
| 1:52 | Arcane Tower |
| 1:53 | Peasant |
| 2:03 | Storm Bolt |
| 2:09 | Peasant |
| 2:16 | Peasant |
| 2:19 | Scout Tower |
| 2:19 | Guard Tower |
| 2:20 | Scout Tower |
| 2:31 | Peasant |
| 2:45 | Peasant |
| 2:53 | Guard Tower |
| 2:56 | Arcane Vault |
| 2:58 | Arcane Vault |
| 3:13 | Peasant |
| 3:24 | Guard Tower |
| 3:25 | Scout Tower |
| 3:26 | Scout Tower |
| 3:28 | Thunder Clap |
| 3:56 | Town Hall |
| 4:00 | Scout Tower |
| 4:01 | Scout Tower |
| 4:02 | Scout Tower |
| 4:03 | Scout Tower |
| 4:03 | Scout Tower |
| 4:13 | Scout Tower |
| 4:26 | Boots of Speed |
| 4:35 | Guard Tower |
| 4:35 | Guard Tower |
| 4:37 | Scout Tower |
| 4:37 | Scout Tower |
| 4:39 | Arcane Tower |
| 4:41 | Guard Tower |
| 4:43 | Scout Tower |
| 4:44 | Scout Tower |
| 4:45 | Scout Tower |
| 4:50 | Arcane Tower |
| 5:07 | Keep |
| 5:14 | Guard Tower |
| 5:15 | Guard Tower |
| 5:18 | Scout Tower |
| 5:20 | Scout Tower |
| 5:41 | Guard Tower |
| 5:45 | Guard Tower |
| 6:03 | Guard Tower |
| 6:03 | Peasant |
| 6:04 | Peasant |
| 6:08 | Peasant |
| 6:10 | Guard Tower |
| 6:10 | Guard Tower |
| 6:16 | Scout Tower |
| 6:16 | Scout Tower |
| 6:49 | Peasant |
| 6:49 | Peasant |
| 6:59 | Guard Tower |
| 7:05 | Storm Bolt |
| 7:15 | Staff of Teleportation |
| 7:29 | Guard Tower |
| 7:32 | Imbued Masonry |
| 7:32 | Improved Lumber Harvesting |
| 8:08 | Peasant |
| 8:09 | Peasant |
| 8:10 | Guard Tower |
| 8:12 | Scout Tower |
| 8:13 | Scout Tower |
| 8:25 | Holy Light |
| 8:56 | Castle |
| 9:00 | Guard Tower |
| 9:03 | Scout Tower |
| 9:04 | Scout Tower |
| 9:08 | Scout Tower |
| 9:09 | Scout Tower |
| 9:44 | Arcane Vault |
| 10:01 | Boots of Speed |
| 10:02 | Staff of Teleportation |
| 10:02 | Circlet of Nobility |
| 10:24 | Guard Tower |
| 10:27 | Arcane Sanctum |
| 10:37 | Farm |
| 10:54 | Town Hall |
| 10:56 | Scout Tower |
| 10:56 | Scout Tower |
| 10:56 | Scout Tower |
| 10:57 | Scout Tower |
| 10:58 | Scout Tower |
| 10:58 | Scout Tower |
| 10:59 | Scout Tower |
| 10:59 | Scout Tower |
| 11:00 | Scout Tower |
| 11:01 | Scout Tower |
| 11:02 | Scout Tower |
| 11:02 | Scout Tower |
| 11:14 | Arcane Vault |
| 11:24 | Advanced Lumber Harvesting |
| 11:37 | Scout Tower |
| 11:38 | Scout Tower |
| 11:49 | Magic Sentry |
| 12:14 | Divine Shield |
| 12:27 | Siphon Mana |
| 12:33 | Arcane Tower |
| 12:34 | Guard Tower |
| 12:53 | Staff of Sanctuary |
| 12:54 | Orb of Fire |
| 12:59 | Thunder Clap |
| 13:06 | Guard Tower |
| 13:12 | Boots of Speed |
| 13:13 | Staff of Teleportation |
| 13:15 | Circlet of Nobility |
| 13:55 | Guard Tower |
| 13:58 | Scout Tower |
| 13:58 | Scout Tower |
| 14:03 | Scout Tower |
| 14:03 | Scout Tower |
| 14:07 | Peasant |
| 14:07 | Peasant |
| 14:19 | Priest Adept Training |
| 14:19 | Priest |
| 14:39 | Guard Tower |
| 14:41 | Scout Tower |
| 14:41 | Scout Tower |
| 15:04 | Staff of Sanctuary |
| 15:05 | Orb of Fire |
| 15:18 | Orb of Fire |
| 15:21 | Guard Tower |
| 15:25 | Scout Tower |
| 15:26 | Scout Tower |
| 15:27 | Scout Tower |
| 15:33 | Priest Master Training |
| 15:38 | Guard Tower |
| 15:40 | Scout Tower |
| 16:09 | Guard Tower |
| 16:10 | Scout Tower |
| 16:11 | Scout Tower |
| 16:11 | Scout Tower |
| 16:12 | Scout Tower |
| 16:12 | Scout Tower |
| 16:13 | Scout Tower |
| 16:33 | Guard Tower |
| 16:47 | Arcane Tower |
| 18:05 | Banish |
| 18:14 | Holy Light |
| Right click | 927 |
| Select group | 582 |
| Assign group | 398 |
| Select | 276 |
| Build/train/purchase | 122 |
| Use ability | 47 |
| Misc. action | 29 |
| Chat | 7 |
| Item give/drop | 3 |
| Remove unit | 3 |
| Minimap ping | 1 |
69 units @ 11.4k
/ 2k
47 buildings @ 6.5k
/ 3k

| Peasant | 8 | 600 | / | 0 |
| Footman | 3 | 405 | / | 0 |
| Rifleman | 6 | 1230 | / | 180 |
| Siege Engine | 3 | 585 | / | 180 |
| total: | 20 | 2820g | / | 360w |
| Scout Tower | 1 | 30 | / | 20 |
| Arcane Tower | 1 | 70 | / | 50 |
| Altar of Kings | 1 | 180 | / | 50 |
| Farm | 10 | 800 | / | 200 |
| Barracks | 1 | 160 | / | 60 |
| Blacksmith | 1 | 140 | / | 60 |
| Workshop | 2 | 280 | / | 280 |
| Keep | 1 | 320 | / | 210 |
| Castle | 1 | 360 | / | 210 |
| total: | 16 | 1590g | / | 670w |
| 0:04 | Peasant |
| 0:04 | Peasant |
| 0:06 | Altar of Kings |
| 0:10 | Farm |
| 0:14 | Farm |
| 0:34 | Peasant |
| 0:35 | Peasant |
| 0:44 | Barracks |
| 0:47 | Peasant |
| 0:59 | Peasant |
| 1:20 | Farm |
| 1:30 | Peasant |
| 2:07 | Blacksmith |
| 2:08 | Footman |
| 2:13 | Farm |
| 2:14 | Peasant |
| 2:18 | Divine Shield |
| 2:33 | Footman |
| 2:44 | Footman |
| 3:43 | Rifleman |
| 3:44 | Rifleman |
| 3:54 | Scout Tower |
| 4:19 | Keep |
| 4:21 | Studded Leather Armor |
| 4:24 | Rifleman |
| 4:28 | Farm |
| 4:30 | Farm |
| 4:32 | Arcane Tower |
| 5:52 | Rifleman |
| 5:52 | Rifleman |
| 5:54 | Black Gunpowder |
| 6:41 | Workshop |
| 6:46 | Workshop |
| 6:49 | Farm |
| 6:51 | Farm |
| 6:54 | Rifleman |
| 8:24 | Devotion Aura |
| 8:30 | Castle |
| 10:50 | Siege Engine |
| 10:51 | Siege Engine |
| 10:51 | Siege Engine |
| 11:37 | Farm |
| 11:40 | Farm |
| Right click | 312 |
| Select | 151 |
| Build/train/purchase | 34 |
| Use ability | 1 |


| Healing Salve | 1 | 100 |
| Scroll of Speed | 2 | 100 |
| Potion of Healing | 1 | 150 |
| Potion of Mana | 1 | 200 |
| Scroll of Town Portal | 1 | 350 |
| total: | 6 | 900g |
| Peon | 6 | 450 | / | 0 |
| Troll Headhunter | 4 | 560 | / | 80 |
| Tauren | 10 | 2800 | / | 800 |
| Shaman | 3 | 390 | / | 60 |
| total: | 23 | 4200g | / | 940w |
| Altar of Storms | 1 | 180 | / | 50 |
| Orc Burrow | 7 | 1120 | / | 280 |
| Voodoo Lounge | 1 | 130 | / | 30 |
| War Mill | 1 | 205 | / | 0 |
| Barracks | 1 | 180 | / | 50 |
| Spirit Lodge | 1 | 150 | / | 150 |
| Tauren Totem | 3 | 405 | / | 465 |
| Stronghold | 1 | 315 | / | 190 |
| Fortress | 1 | 325 | / | 190 |
| total: | 15 | 2370g | / | 1025w |
| 0:04 | Peon |
| 0:09 | Altar of Storms |
| 0:14 | Orc Burrow |
| 0:21 | Peon |
| 0:34 | Peon |
| 0:41 | Voodoo Lounge |
| 0:53 | Peon |
| 1:06 | Peon |
| 1:36 | Peon |
| 1:42 | War Mill |
| 2:00 | Barracks |
| 2:16 | Orc Burrow |
| 2:21 | Feral Spirit |
| 2:28 | Healing Salve |
| 2:32 | Scroll of Speed |
| 3:06 | Stronghold |
| 4:08 | Orc Burrow |
| 4:14 | Troll Headhunter |
| 4:20 | Troll Headhunter |
| 5:01 | Troll Headhunter |
| 5:58 | Troll Headhunter |
| 6:24 | Fortress |
| 6:31 | Spirit Lodge |
| 6:47 | Tauren Totem |
| 7:10 | Chain Lighting |
| 7:50 | Serpent Ward |
| 8:31 | Shaman Adept Training |
| 8:44 | Tauren Totem |
| 8:51 | Tauren |
| 9:34 | Potion of Healing |
| 9:50 | Shaman Master Training |
| 9:56 | Tauren Totem |
| 10:16 | Tauren |
| 10:26 | Serpent Ward |
| 10:50 | Potion of Mana |
| 10:51 | Scroll of Speed |
| 10:59 | Shaman |
| 11:02 | Tauren |
| 11:12 | Orc Burrow |
| 11:19 | Orc Burrow |
| 11:28 | Orc Burrow |
| 11:35 | Shaman |
| 11:38 | Tauren |
| 12:42 | Tauren |
| 12:45 | Pulverize |
| 14:01 | Tauren |
| 14:04 | Tauren |
| 14:44 | Shaman |
| 14:47 | Tauren |
| 15:13 | Tauren |
| 15:21 | Orc Burrow |
| 15:57 | Scroll of Town Portal |
| 16:56 | Tauren |
| 17:59 | Healing Wave |
| Select | 238 |
| Right click | 212 |
| Build/train/purchase | 54 |
| Select group | 28 |
| Use ability | 12 |
| Assign group | 5 |
| Esc | 3 |
| Remove unit | 2 |
| Minimap ping | 2 |

| Rod of Necromancy | 2 | 300 |
| Sacrificial Skull | 1 | 50 |
| Lesser Clarity Potion | 1 | 70 |
| Potion of Healing | 1 | 150 |
| Potion of Mana | 1 | 200 |
| Orb of Corruption | 1 | 375 |
| Scroll of Speed | 1 | 50 |
| Tiny Great Hall | 1 | 600 |
| total: | 9 | 1795g |
| Acolyte | 9 | 675 | / | 0 |
| Ghoul | 7 | 840 | / | 0 |
| Crypt Fiend | 6 | 1290 | / | 240 |
| Frost Wyrm | 4 | 1540 | / | 480 |
| total: | 26 | 4345g | / | 720w |
| Nerubian Tower | 5 | 500 | / | 100 |
| Altar of Darkness | 1 | 180 | / | 50 |
| Ziggurat | 7 | 1050 | / | 350 |
| Crypt | 1 | 200 | / | 50 |
| Graveyard | 1 | 215 | / | 0 |
| Tomb of Relics | 2 | 260 | / | 60 |
| Sacrificial Pit | 1 | 75 | / | 150 |
| Boneyard | 3 | 525 | / | 600 |
| Halls of the Dead | 2 | 640 | / | 420 |
| Black Citadel | 2 | 650 | / | 460 |
| total: | 16 | 2505g | / | 1260w |
| 0:08 | Acolyte |
| 0:08 | Acolyte |
| 0:16 | Altar of Darkness |
| 0:18 | Ziggurat |
| 0:37 | Crypt |
| 1:00 | Graveyard |
| 1:33 | Ziggurat |
| 1:40 | Tomb of Relics |
| 1:44 | Ghoul |
| 1:44 | Ghoul |
| 1:44 | Ghoul |
| 1:57 | Ghoul |
| 2:11 | Ziggurat |
| 2:23 | Nerubian Tower |
| 2:33 | Ghoul |
| 2:33 | Ghoul |
| 2:48 | Death Coil |
| 2:53 | Rod of Necromancy |
| 2:57 | Sacrificial Skull |
| 3:14 | Crypt Fiend |
| 3:14 | Crypt Fiend |
| 3:57 | Halls of the Dead |
| 3:57 | Halls of the Dead |
| 4:14 | Crypt Fiend |
| 4:54 | Crypt Fiend |
| 4:55 | Crypt Fiend |
| 5:46 | Ziggurat |
| 5:49 | Ziggurat |
| 5:54 | Crypt Fiend |
| 6:24 | Acolyte |
| 6:28 | Unholy Aura |
| 6:41 | Web |
| 6:43 | Black Citadel |
| 7:20 | Death Coil |
| 7:46 | Sacrificial Pit |
| 7:59 | Tomb of Relics |
| 8:04 | Rod of Necromancy |
| 8:14 | Nerubian Tower |
| 9:09 | Acolyte |
| 9:09 | Acolyte |
| 9:09 | Acolyte |
| 9:09 | Acolyte |
| 9:21 | Nerubian Tower |
| 9:33 | Creature Attack |
| 9:37 | Ghoul |
| 9:47 | Acolyte |
| 10:11 | Boneyard |
| 10:13 | Boneyard |
| 10:36 | Acolyte |
| 11:09 | Ziggurat |
| 11:12 | Ziggurat |
| 12:08 | Frost Wyrm |
| 12:09 | Frost Wyrm |
| 12:16 | Boneyard |
| 12:52 | Improved Creature Attack |
| 12:54 | Lesser Clarity Potion |
| 12:59 | Scroll of Speed |
| 13:50 | Frost Wyrm |
| 13:51 | Freezing Breath |
| 14:40 | Potion of Healing |
| 14:42 | Potion of Mana |
| 14:44 | Tiny Great Hall |
| 14:59 | Frost Wyrm |
| 15:17 | Orb of Corruption |
| Right click | 767 |
| Select | 273 |
| Assign group | 143 |
| Select group | 103 |
| Build/train/purchase | 90 |
| Use ability | 26 |
| Item give/drop | 1 |
⇛